 Dungeon Crawl Stone Soup version 0.27-a0-1374-gc14e5d3922 (webtiles) character file.

Game seed: 8001010099390863119

39 Ijustatesigmund the Shield-Bearer (level 3, -3/26 HPs)
             Began as an Octopode Fighter on June 29, 2021.
             Slain by a quokka (4 damage)
             ... on level 2 of the Dungeon.
             The game lasted 00:01:25 (933 turns).

Ijustatesigmund the Shield-Bearer (Octopode Fighter) Turns: 933, Time: 00:01:26

Health: -3/26      AC:  1    Str: 15    XL:     3   Next: 45%
Magic:  3/3        EV: 11    Int: 10    God:
Gold:   32         SH:  8    Dex: 12    Spells: 2/2 levels left

rFire    . . .     SeeInvis .   a - +0 war axe
rCold    . . .     Faith    .   b - +0 kite shield
rNeg     . . .     Spirit   .   (helmet restricted)
rPois    .         Reflect  .   (no amulet)
rElec    .         Harm     .   (no ring)
rCorr    .         Rampage  .   (no ring)
Will     .....                  (no ring)
Stlth    ++........             (no ring)
HPRegen  0.08/turn              (no ring)
MPRegen  0.08/turn              (no ring)
                                (no ring)
                                (no ring)

@: mighty
A: almost no armour, amphibious, 8 rings, camouflage 1, gelatinous body 1,
(nimble swimmer 1), tentacles
a: no special abilities


You were on level 2 of the Dungeon.
You visited 1 branch of the dungeon, and saw 2 of its levels.

You collected 32 gold pieces.

Inventory:

Hand Weapons
 a - a +0 war axe (weapon)
Armour
 b - a +0 kite shield (worn)
Scrolls
 e - a scroll of teleportation
Potions
 d - a potion of lignification {unknown}
 g - a potion of resistance {unknown}


   Skills:
 + Level 3.2 Fighting
 * Level 2.8 Axes
 + Level 3.2 Dodging
 + Level 3.3 Shields


You had 2 spell levels left.
You didn't know any spells.
Your spell library was empty.

Dungeon Overview and Level Annotations

Branches:
Dungeon (2/15)

Altars:


Innate Abilities, Weirdness & Mutations

You cannot wear most types of armour.
You are amphibious.
You can wear up to eight rings at the same time.
Your skin changes colour to match your surroundings (Stealth+).
Your rubbery body absorbs attacks. (AC +1, EV +1)
((You are camouflaged near water. (Stealth+)))
You have tentacles for arms and can constrict up to eight enemies at once.


Message History

You constrict the gnoll, but do no damage.
The jackal bites the plant.
The plant begins to die.
The gnoll hits you with a +0 club.
You hit the gnoll.
The gnoll is severely wounded.
You closely miss the jackal. You constrict the gnoll.
You kill the gnoll!
A jackal comes into view.
The jackal barely misses you.
A quokka comes into view.
The jackal closely misses you. The gnoll hits you with a +0 club.
You hit the gnoll. Your grab misses the gnoll.
The gnoll is moderately wounded.
You barely miss the jackal. You barely miss the quokka. The jackal bites you.
The quokka misses you. The gnoll closely misses you. The quokka bites you.
You are too injured to fight recklessly!
You hit the gnoll but do no damage. Your grab misses the gnoll.
The gnoll is moderately wounded.
You miss the quokka. You closely miss the jackal. You hit the jackal.
A nearby plant withers and dies.
You block the jackal's attack. The jackal closely misses you.
You block the gnoll's attack. The quokka closely misses you.
The jackal barely misses you. The jackal closely misses you.
The gnoll barely misses you. The quokka bites you.
You block the jackal's attack.
You feel very mighty all of a sudden. The jackal closely misses you.
The jackal barely misses you. The gnoll closely misses you.
You block the jackal's attack. The quokka barely misses you.
The jackal misses you. The jackal bites you.
You barely miss the gnoll. Your grab misses the gnoll.
The gnoll is moderately wounded.
You closely miss the quokka. You closely miss the jackal. x3
The jackal bites you.
* * * LOW HITPOINT WARNING * * *
The jackal closely misses you. The quokka bites you.
* * * LOW HITPOINT WARNING * * *
The jackal bites you but does no damage.
You block the gnoll's attack.
The jackal bites you but does no damage.
The jackal barely misses you. The quokka bites you.
You die...

.♣. ♣ .. .P . . P.. .♣.
♣P. ♣.. ♣.♣...♣♣♣P#..#
.Ph♣..P♣.#..# #
♣.♣hhh..♣...#
...♣♣♣.♣♣@#♣♣♣.... .
♣......r#g#...#.#
P..♣♣♣♣..##.# ♣...#
.......♣.# .. ♣..#
♣♣.♣♣..♣#
.##♣♣#.#########
.♣.♣♣.♣#+#P♣♣...........
≈...♣♣.♣#.P.♣.##########
P§P♣§...P.P♣....# #.
##.P............## #.


You could see a gnoll, a quokka and 4 jackals.

Vanquished Creatures
  A gnoll (D:2)
  2 ball pythons (D:1)
  3 endoplasms (D:1)
  4 giant cockroaches (D:1)
  A goblin (D:1)
  2 hobgoblins (D:1)
  3 jackals (D:1)
  A quokka (D:2)
  2 frilled lizards
  5 kobolds (D:1)
24 creatures vanquished.

Vanquished Creatures (others)
  16 plants (D:2)
16 creatures vanquished.

Grand Total: 40 creatures vanquished

Notes
Turn   | Place    | Note
-------+----------+-------------------------------------------
     0 | D:1      | Ijustatesigmund the Octopode Fighter began the quest for
                  | the Orb.
     0 | D:1      | Reached XP level 1. HP: 16/16 MP: 1/1
   197 | D:1      | Reached XP level 2. HP: 21/21 MP: 2/2
   499 | D:1      | Reached XP level 3. HP: 22/26 MP: 3/3
   933 | D:2      | HP: 1/26 [quokka (5)]
   933 | D:2      | Slain by a quokka

Illustrated notes

Levels and vault maps discovered:
D:1:      minmay_arrival_up_and_down, layout_loops_ring
D:2:      wad_woods_tower, layout_basic, nrook_campfire, eino_curves_04,
          hangedman_decor_points

Action                   || total
-------------------------++-------
Melee: War axe           ||    41
       Constrict         ||     8
       Tentacles         ||     7
  Use: Scroll            ||     3
       Potion            ||     1
 Stab: Sleeping          ||     1
Armor: Skin              ||     6
Dodge: Dodged            ||    31
Block: Kite shield       ||    20

Table legend: (Time is in decaauts)
 A = Elapsed time spent in this place.
 B = Non-inter-level travel time spent in this place.
 C = Inter-level travel time spent in this place.
 D = Time resting spent in this place.
 E = Time spent auto-exploring this place.
 F = Levels seen in this place.
 G = Mean time per level.
                   A        B        C        D        E       F      G
               +--------+--------+--------+--------+--------+-----+--------+
         Total |    961 |    953 |      8 |    123 |    659 |   2 |  480.5 |
       Dungeon |    961 |    953 |      8 |    123 |    659 |   2 |  480.5 |
               +--------+--------+--------+--------+--------+-----+--------+

Top non-repeatable levels by time:
     D:1: 790 daAuts
     D:2: 170 daAuts
